 Dungeon Crawl Stone Soup version 0.26-a0-652-gafc20e3620 (webtiles) character file.

Game seed: 1576960883563723247

400 Grim the Cudgeler (level 6, 0/62 HPs)
             Began as an Ogre Berserker on Oct 3, 2020.
             Was a Priest of Trog.
             Slain by a human zombie (2 damage)
             ... in an ossuary.
             The game lasted 00:07:13 (4062 turns).

Grim the Cudgeler (Ogre Berserker)                  Turns: 4062, Time: 00:07:14

Health: 0/62       AC:  3    Str: 22    XL:     6   Next: 84%
Magic:  6/6        EV: 10    Int:  8    God:    Trog [***...]
Gold:   221        SH:  0    Dex: 10    Spells: 5/5 levels left

rFire    . . .     SeeInvis .   a - +1 mace
rCold    . . .     Faith    .   (no shield)
rNeg     . . .     Spirit   .   b - +0 animal skin
rPois    .         Reflect  .   (helmet restricted)
rElec    .         Harm     .   (no cloak)
rCorr    .         Rampage  .   (gloves unavailable)
MR       .....                  (boots unavailable)
Stlth    +.........             (no amulet)
HPRegen  0.20/turn              (no ring)
MPRegen  0.10/turn              (no ring)

@: berserk cooldown, slowed, very slow
A: large, unfitting armour, tough skin 1
a: Berserk, Trog's Hand, Renounce Religion


You were in an ossuary.
You worshipped Trog.
Trog was most pleased with you.
You visited 1 branch of the dungeon, and saw 4 of its levels.
You also visited: Ossuary.

You collected 221 gold pieces.

Inventory:

Hand Weapons
 a - a +1 mace (weapon)
Missiles
 g - 4 large rocks (quivered)
Armour
 b - a +0 animal skin (worn)
Scrolls
 c - a scroll of enchant weapon
 f - a scroll of remove curse {unknown}
 h - a scroll of teleportation {unknown}
 i - a scroll of immolation {unknown}
 m - a scroll of blinking {unknown}
 n - a scroll of enchant armour {unknown}
Potions
 e - 2 potions of heal wounds
 k - 2 potions of curing
 l - a potion of cancellation {unknown}
 o - a potion of invisibility {unknown}


   Skills:
 - Level 4.0 Fighting
 + Level 6.8 Maces & Flails
 - Level 2.6 Dodging


You had 5 spell levels left.
You didn't know any spells.
Your spell library was empty.

Dungeon Overview and Level Annotations

Branches:
Dungeon (4/15)            Ossuary (1/1)
 Temple: D:4-7

Altars:
Elyvilon
Okawaru
Sif Muna
Trog


Innate Abilities, Weirdness & Mutations

You are too large for most types of armour.
You have tough skin. (AC +1)


Message History

The orc zombie hits you.
* * * LOW HITPOINT WARNING * * *
The jackal zombie barely misses you. The elf zombie closely misses you.
The adder zombie bites you but does no damage.
The rat zombie bites you but does no damage.
You thump the human zombie!
The human zombie is almost destroyed.
The adder zombie barely misses you.
The jackal zombie bites you but does no damage.
The adder zombie barely misses you. The orc zombie hits you.
* * * LOW HITPOINT WARNING * * *
The human zombie hits you but does no damage.
The elf zombie completely misses you. The adder zombie closely misses you.
The jackal zombie bites you but does no damage.
The rat zombie bites you.
* * * LOW HITPOINT WARNING * * *
The orc zombie barely misses you. The adder zombie bites you.
* * * LOW HITPOINT WARNING * * *
The human zombie hits you.
You die...

...............
...............
...............
...............
...............
...............
......Z.Z......
.....ZZ@ZZ.....
......ZZZ......
.......Z.......
...............
...............
...............
...............
...............
...............


You could see 2 adder zombies, a rat zombie, a jackal zombie, 2 goblin zombies,
a kobold zombie, an orc zombie, an elf zombie and a human zombie.

Vanquished Creatures
  A centaur (D:3)
  An elf zombie (Ossuary)
  A hound (D:4)
  An orc priest (D:3)
  Terence (D:3)
  An iguana (D:4)
  A worker ant (D:3)
  4 adders
  An ooze (D:2)
  An adder skeleton (D:4)
  2 worms
  3 dart slugs
  2 leopard geckos
  8 orcs (D:3)
  4 giant cockroaches
  8 goblins
  7 hobgoblins
  2 kobolds (D:2)
  5 bats
  8 frilled lizards
  A jackal zombie (Ossuary)
  6 rats
69 creatures vanquished.

Vanquished Creatures (others)
  7 plants (D:3)
7 creatures vanquished.

Grand Total: 76 creatures vanquished

Notes
Turn   | Place    | Note
-------+----------+-------------------------------------------
     0 | D:1      | Grim the Ogre Berserker began the quest for the Orb.
     0 | D:1      | Reached XP level 1. HP: 24/24 MP: 1/1
   269 | D:1      | Reached skill level 3 in Maces & Flails
   280 | D:1      | Reached XP level 2. HP: 27/32 MP: 2/2
  1159 | D:2      | Reached XP level 3. HP: 28/39 MP: 3/3
  1400 | D:2      | Reached skill level 4 in Maces & Flails
  1566 | D:2      | Reached ** piety under Trog
  1998 | D:2      | Reached XP level 4. HP: 48/48 MP: 4/4
  2002 | D:2      | Found an iron altar of Okawaru.
  2167 | D:3      | Found a shimmering blue altar of Sif Muna.
  2170 | D:3      | Noticed a centaur
  2261 | D:3      | Found a white marble altar of Elyvilon.
  2504 | D:3      | Reached skill level 5 in Maces & Flails
  2504 | D:3      | Reached XP level 5. HP: 44/54 MP: 5/5
  2731 | D:3      | Killed a centaur
  2906 | D:3      | Reached XP level 6. HP: 50/62 MP: 6/6
  3000 | D:3      | Reached skill level 6 in Maces & Flails
  3053 | D:3      | Found a bloodstained altar of Trog.
  3057 | D:3      | Noticed Terence
  3076 | D:3      | Killed Terence
  3677 | D:4      | Reached *** piety under Trog
  3765 | D:4      | HP: 4/93 [iguana (5)]
  4028 | D:4      | Found a sand-covered staircase.
  4034 | Ossuary  | Entered an ossuary
  4062 | Ossuary  | HP: 2/62 [adder zombie (3)]
  4062 | Ossuary  | Slain by a human zombie

Illustrated notes

Levels and vault maps discovered:
D:1:      matt_arrival_spirals, layout_loops_ring
D:2:      layout_rooms, kennysheep_okawaru_gauntlet
D:3:      layout_rooms, nicolae_overflow_crystal_walls, lemuel_crystal_altar,
          lemuel_doored_altar, chequers_big_river, uniq_terence
D:4:      layout_basic, portal_sewer_entry_d, nicolae_ossuary_entry_plus
Ossuary:  ossuary_minmay_tomb_2a

Skill      XL: |  1  2  3  4  5  6 |
---------------+-------------------+-----
Maces & Flails | 3 4 5 6 |  6.8
Fighting       | |  4.0
Dodging        | |  2.6

Action                   |  1- 3 |  4- 6 || total
-------------------------+-------+-------++-------
Melee: Mace              |    87 |   169 ||   256
Invok: Berserk           |     1 |     3 ||     4
       Trog's Hand       |       |     1 ||     1
  Use: Scroll            |       |     3 ||     3
       Potion            |       |     1 ||     1
Armor: Animal skin       |    20 |    88 ||   108
Dodge: Dodged            |    48 |   185 ||   233

Table legend: (Time is in decaauts)
 A = Elapsed time spent in this place.
 B = Non-inter-level travel time spent in this place.
 C = Inter-level travel time spent in this place.
 D = Time resting spent in this place.
 E = Time spent auto-exploring this place.
 F = Levels seen in this place.
 G = Mean time per level.
                   A        B        C        D        E       F      G
               +--------+--------+--------+--------+--------+-----+--------+
         Total |   4133 |   4036 |     97 |   1352 |   1860 |   5 |  826.6 |
       Dungeon |   4108 |   4011 |     97 |   1352 |   1860 |   4 | 1027.0 |
       Ossuary |     25 |     25 |      0 |      0 |      0 |   1 |   25.0 |
               +--------+--------+--------+--------+--------+-----+--------+

Top non-repeatable levels by time:
     D:3: 1388 daAuts
     D:1: 1226 daAuts
     D:2: 1115 daAuts
     D:4: 377 daAuts
 Ossuary: 25 daAuts
